AoeStats
← jphilkill

Highland

505180569Analyzed
4v4 RM · 25d ago on Sep 8, 2026· 25m 38s· 8 players
Game mode
Random Map
Map size
Large (8 player)
Population
200
Speed
Normal
Resources
Standard
Victory
Conquest
Starting age
Dark Age
Ending age
Imperial Age
RankedLock teamsTeams togetherTeam positionsShared explorationLock speedFull tech treeHidden civsTurbo modeCheats
Victory
Defeat
🇨🇳 Vikings · China
1347
+6
🇨🇳 Bulgarians · China
1181
+11
🇨🇳 Spanish · China
1045
+16
🇨🇳 Tupi · China
919
+20
🇦🇷 Mapuche · Argentina
1080
-14
🇳🇿 Mongols · New Zealand
1074
-14
🇩🇪 Huns · Germany
1059
-13
🇨🇳 Vikings · China
1037
-12
jphilkill
1:06 Loom
12:06 Feudal Age
17:47 Castle Age
15:39 Double-Bit Axe
22:43 Wheelbarrow
24:06 Elite Skirmisher
Fury
11:54 Feudal Age
12:22 Double-Bit Axe
12:12 Champi Runner
13:38 Scale Mail Armor
17:05 Forging
20:19 Castle Age
18:54 Arson
22:42 Bow Saw
22:13 Horse Collar
23:37 Wheelbarrow
23:48 Champi Warrior
Shoigu! Gerasimov!!
0:32 Loom
11:34 Feudal Age
18:31 Castle Age
17:42 Horse Collar
17:53 Double-Bit Axe
19:53 Fletching
EmmaZNZ
11:18 Feudal Age
15:37 Castle Age
14:10 Double-Bit Axe
14:45 Gold Mining
17:27 Loom
19:44 Fletching
24:41 Bodkin Arrow
爱你的阿金
10:58 Feudal Age
16:03 Castle Age
14:15 Double-Bit Axe
14:39 Horse Collar
15:15 Fletching
17:24 Bodkin Arrow
21:12 Padded Archer Armor
24:42 Murder Holes
25:06 Leather Archer Armor
26:51 Wheelbarrow
26:02 Loom
Mr.Robin
6:06 Loom
8:38 Feudal Age
9:16 Double-Bit Axe
14:30 Town Watch
18:31 Castle Age
16:34 Fishing Lines
18:35 Fletching
18:26 Horse Collar
24:34 Bodkin Arrow
子薄
11:35 Feudal Age
9:51 Loom
15:44 Castle Age
14:19 Double-Bit Axe
15:25 Bloodlines
16:13 Padded Archer Armor
24:33 Gold Mining
_TY_梦涯
8:52 Loom
10:41 Feudal Age
15:27 Castle Age
15:29 Double-Bit Axe
21:25 Wheelbarrow
24:11 Bloodlines
24:38 Pikeman
Connection lost

Rejoining the realm…

Still unreachable

The connection could not be restored.

Session expired

The server has moved on; the page needs a fresh start.